 Dungeon Crawl Stone Soup version 0.26.0-45-g9c1d065592 (webtiles) character file.

Game seed: 17633085783560395695

56 soggyman666 the Insei (level 3, -5/26 HPs)
             Began as a Demonspawn Transmuter on Jan 28, 2021.
             Slain by a gnoll
             ... wielding a +0 whip
              (6 damage)
             ... on level 2 of the Dungeon.
             The game lasted 00:06:11 (2046 turns).

soggyman666 the Insei (Demonspawn Transmuter)       Turns: 2046, Time: 00:06:11

Health: -5/26      AC:  3    Str: 10    XL:     3   Next: 69%
Magic:  0/6        EV: 12    Int: 14    God:
Gold:   88         SH:  0    Dex: 14    Spells: 5/6 levels left

rFire    . . .     SeeInvis .     - Unarmed
rCold    . . .     Faith    .   (no shield)
rNeg     . . .     Spirit   +   a - +0 robe
rPois    .         Reflect  .   (helmet currently unavailable)
rElec    .         Harm     .   (no cloak)
rCorr    .         Rampage  .   d - +0 pair of gloves
Will     .....                  (boots currently unavailable)
Stlth    ++........             (no amulet)
HPRegen  0.08/turn              (no ring)
MPRegen  0.10/turn              (no ring)

@: about to teleport, appendages (expiring)
A: horns 2, talons 2, magic shield
a: End Transformation


You were on level 2 of the Dungeon.
You had grown temporary horns.
You had grown temporary talons.
You visited 1 branch of the dungeon, and saw 2 of its levels.

You collected 88 gold pieces.

Inventory:

Armour
 a - a +0 robe (worn)
 d - a +0 pair of gloves (worn)
 g - a +2 pair of gloves of archery
Scrolls
 b - a scroll of teleportation
 c - a scroll of remove curse {unknown}
 e - a scroll of identify {unknown}
 f - a scroll of immolation {unknown}


   Skills:
 + Level 1.2 Fighting
 + Level 2.1 Dodging
 + Level 0.6 Stealth
 + Level 3.5 Unarmed Combat
 + Level 2.3 Spellcasting
 + Level 2.0 Transmutations


You had 5 spell levels left.
You knew the following spells:

 Your Spells              Type           Power        Failure   Level
a - Beastly Appendage     Tmut           14%          10%         1

Your spell library contained the following spells:

 Spells                   Type           Power        Failure   Level
 Wereblood                Tmut           7%           16%         2
 Spider Form              Tmut/Pois      2%           41%         3
 Ice Form                 Ice/Tmut       4%           83%         4
 Blade Hands              Tmut           3%           95%         5


Dungeon Overview and Level Annotations

Branches:
Dungeon (2/15)

Altars:
Vehumet


Innate Abilities, Weirdness & Mutations

When hurt, damage is shared between your health and your magic reserves.
You have a pair of horns on your head.
You have razor-sharp toenails.


Message History

Unknown command.
You are too injured to fight recklessly!
You are too injured to fight recklessly!
You are too injured to fight recklessly!
You are too injured to fight recklessly!
You hit the gnoll but do no damage. Your kick misses the gnoll.
The gnoll is heavily wounded.
The gnoll hits you with a +0 whip!
* * * LOW HITPOINT WARNING * * *
You hit the gnoll. You claw the gnoll.
The gnoll is heavily wounded.
The gnoll hits you with a +0 whip.
* * * LOW HITPOINT WARNING * * *
You closely miss the gnoll. You claw the gnoll, but do no damage.
The gnoll is heavily wounded.
The gnoll closely misses you.
As you read the scroll labelled ROPNAJANW KIOQ, it crumbles to dust.
You feel strangely unstable.
It was a scroll of teleportation.
The gnoll hits you with a +0 whip.
You die...

'........' ....).
#........# ######
........# ###########....#
..............†###########
..........................
.............##########...
.............# #...
........g@...# #...
........g....# #...
.............# #...
.............# #...
................ #...
................# #...
###....#####.##.# #...
#.... .# .# #... ##### .#
#...


You could see a gnoll and a goblin.

Vanquished Creatures
  An adder (D:2)
  A worm (D:2)
  A leopard gecko (D:2)
  5 bats (D:1)
  5 giant cockroaches (D:1)
  11 goblins
  3 hobgoblins
  A jackal (D:1)
  3 kobolds
  A ball python (D:2)
  3 frilled lizards (D:2)
  5 rats (D:1)
40 creatures vanquished.

Vanquished Creatures (others)
  A plant (D:1)
1 creature vanquished.

Grand Total: 41 creatures vanquished

Notes
Turn   | Place    | Note
-------+----------+-------------------------------------------
     0 | D:1      | soggyman666 the Demonspawn Transmuter began the quest for
                  | the Orb.
     0 | D:1      | Reached XP level 1. HP: 15/15 MP: 3/3
   276 | D:1      | Reached skill level 3 in Unarmed Combat
   319 | D:1      | Gained mutation: When hurt, damage is shared between your
                  | health and your magic reserves. [demonic ancestry]
   319 | D:1      | Reached XP level 2. HP: 15/21 MP: 3/5
   628 | D:1      | HP: 1/21 [hobgoblin (2)]
   638 | D:1      | HP: 1/21 [bat (1)]
   973 | D:1      | Reached XP level 3. HP: 16/26 MP: 4/6
  1936 | D:2      | Found a radiant altar of Vehumet.
  2044 | D:2      | HP: 1/26 [gnoll/+0 whip (4)]
  2046 | D:2      | Slain by a gnoll

Illustrated notes

Levels and vault maps discovered:
D:1:      scummos_arrival_simple_fountains, layout_rooms, serial_forest,
          infiniplex_forest_clump_diagonal, infiniplex_forest_lined_3,
          infiniplex_forest_straight_2, infiniplex_forest_clump_medium,
          infiniplex_forest_straight_4, infiniplex_forest_corner_1,
          infiniplex_forest_end_3, infiniplex_forest_clump_long, minmay_vboxes
D:2:      layout_basic, regret_index_temple_of_mockery, fiery_altar_vehumet

Skill      XL: |  1  2 |
---------------+-------+-----
Unarmed Combat | 3 |  3.5
Transmutations | 2 |  2.0
Dodging        | 2 |  2.1
Fighting       | |  1.2
Stealth        | |  0.6
Spellcasting   | |  2.3

Action                   || total
-------------------------++-------
Melee: Unarmed           ||   157
       Kick              ||    14
       Headbutt          ||     5
       Punch             ||     1
 Cast: Beastly Appendage ||    10
  Use: Scroll            ||     2
       Potion            ||     2
Armor: Robe              ||    39
Dodge: Dodged            ||   134
